 Dungeon Crawl Stone Soup version 0.29-a0-352-g0917bc69df (webtiles) character file.

Game seed: 15991839253033580879

336 Antichthon the Chopper (level 6, -1/52 HPs)
             Began as a Naga Warper on Apr 23, 2022.
             Slain by a ball python (2 damage)
             ... on level 4 of the Dungeon.
             The game lasted 00:07:54 (3505 turns).

Antichthon the Chopper (Naga Warper)                Turns: 3505, Time: 00:07:55

Health: -1/52      AC:  5    Str: 13    XL:     6   Next: 54%
Magic:  4/9        EV:  9    Int: 13    God:
Gold:   200        SH:  0    Dex: 13    Spells: 4/9 levels left

rFire   . . .      SeeInvis +   a - +0 mace (drain)
rCold   . . .      Faith    .   (no shield)
rNeg    . . .      Spirit   .   b - +0 leather armour
rPois   +          Reflect  .   h - +0 helmet
rElec   .          Harm     .   f - +0 cloak
rCorr   .          Rampage  .   (no gloves)
Will    .....                   (no barding)
Stlth   +.........              (no amulet)
HPRegen 0.17/turn               (no ring)
MPRegen 0.11/turn               (no ring)

@: very slightly contaminated, very slow
A: AC +2, large, see invisible, deformed body, poison resistance, slowness 2,
spit poison 1, naga tail 1
a: Spit Poison


You were on level 4 of the Dungeon.
You visited 1 branch of the dungeon, and saw 4 of its levels.

You collected 200 gold pieces.

Inventory:

Hand Weapons
 a - a +0 mace of draining (weapon)
 g - a +0 hunting sling
Missiles
 d - 7 boomerangs of dispersal (quivered)
Armour
 b - a +0 leather armour (worn)
 f - a +0 cloak (worn)
 h - a +0 helmet (worn)
Scrolls
 e - 4 scrolls of identify {unknown}
 i - 2 scrolls of noise {unknown}
 j - a scroll of enchant armour {unknown}


   Skills:
 - Level 2.0 Fighting
 + Level 6.7 Axes
 - Level 0.8 Throwing
 - Level 0.7 Armour
 - Level 1.5 Dodging
 - Level 2.0 Spellcasting
 - Level 3.0 Translocations


You had 4 spell levels left.
You knew the following spells:

 Your Spells              Type           Power      Damage    Failure   Level
a - Blink                 Tloc           18%        N/A       14%         2
b - Teleport Other        Tloc           9%         N/A       28%         3

Your spell library contained the following spells:

 Spells                   Type           Power      Damage    Failure   Level
 Gell's Gravitas          Tloc           9%         N/A       28%         3
 Lesser Beckoning         Tloc           9%         N/A       28%         3
 Animate Skeleton         Necr           2%         N/A       32%         1
 Pain                     Necr           4%         1d4       32%         1
 Ignite Poison            Fire/Tmut/Pois 1%         N/A       67%         3
 Mephitic Cloud           Conj/Pois/Air  1%         N/A       67%         3
 Vampiric Draining        Necr           1%         2d6       67%         3
 Manifold Assault         Tloc           9%         N/A       95%         5
 Freezing Cloud           Conj/Ice/Air   0%         6-21      100%        5


Dungeon Overview and Level Annotations

Branches:
Dungeon (4/15)
 Temple: D:4-7

Altars:

Annotations:
D:3 Grinder


Innate Abilities, Weirdness & Mutations

Your serpentine skin is tough. (AC +2)
You have supernaturally acute eyesight. (SInv)
Armour fits poorly on your strangely shaped body.
Your system is resistant to poisons. (rPois)
You cover ground very slowly.
You can spit poison.
You have a snake-like lower body.


Message History

The scorpion stings you but does no damage.
You feel very sick. Grinder hits you!
You writhe in agony.
* * * LOW HITPOINT WARNING * * *
The scorpion stings you but does no damage.
You can move again.
Unknown command.
Unknown command.
Cast which spell? (? or * to list)
You blink.
Found a spear.
You feel sick.
Blink to where?
Press: ? - help, Dir - move target, p - Grinder
As you read the scroll of blinking, it crumbles to dust.
You feel sick.
You feel sick.
You feel sick. Grinder gestures at you.
You suddenly lose the ability to move!
You feel stable enough to blink again.
You feel sick.
You can move again.
Casting: Blink (safe; 14% risk of failure)
Confirm with . or Enter, or press ? or * to list all spells.
You blink.
You feel sick.
You are no longer poisoned.
You feel stable enough to blink again.
There is a stone staircase leading down here.
The scorpion closely misses you.
You climb downwards.
The ball python hisses angrily.
Found 15 stones.
There is a stone staircase leading up here.
Casting: Blink (safe; 14% risk of failure)
Confirm with . or Enter, or press ? or * to list all spells.
You miscast Blink.
You are very lightly contaminated with residual magic.
Nothing appears to happen.
The scorpion stings you.
* * * LOW HITPOINT WARNING * * *
The ball python bites you.
You die...

###########
..(.......#
#...s@..#
......SS..#
##........#
#........#
#........#
#........#
#..#######
#..


You could see a scorpion, an adder and a ball python.

Vanquished Creatures
  Sigmund (D:2)
  Terence (D:2)
  Natasha (thrice) (D:2)
  Robin (D:2)
  A worm (D:2)
  A dart slug (D:1)
  4 endoplasms
  5 giant cockroaches
  9 goblins
  10 hobgoblins
  4 jackals
  2 quokkas
  A ball python (D:1)
  4 bats (D:1)
  2 frilled lizards (D:1)
  3 kobolds
  4 rats
56 creatures vanquished.

Notes
Turn   | Place    | Note
-------+----------+-------------------------------------------
     0 | D:1      | Antichthon the Naga Warper began the quest for the Orb.
     0 | D:1      | Reached XP level 1. HP: 19/19 MP: 3/3
   367 | D:1      | Reached XP level 2. HP: 20/26 MP: 5/5
   514 | D:1      | Found a faded altar of an unknown god.
   515 | D:1      | Noticed a golden eye
   522 | D:1      | HP: 1/26 [dart slug/slug dart (3)]
   528 | D:1      | Reached skill level 3 in Axes
   836 | D:1      | Noticed an eye of devastation
   836 | D:1      | Noticed a shining eye
   836 | D:1      | Noticed a shining eye
  1191 | D:1      | Reached XP level 3. HP: 31/32 MP: 6/6
  1194 | D:1      | Learned a level 2 spell: Blink
  1198 | D:1      | Learned a level 3 spell: Teleport Other
  1447 | D:2      | Noticed Robin
  2020 | D:2      | Noticed Natasha
  2032 | D:2      | Killed Natasha
  2033 | D:2      | Reached skill level 4 in Axes
  2033 | D:2      | Reached XP level 4. HP: 22/39 MP: 7/7
  2188 | D:2      | Killed Robin
  2571 | D:2      | Noticed Natasha
  2584 | D:2      | Killed Natasha
  2585 | D:2      | Reached skill level 5 in Axes
  2664 | D:2      | Noticed Terence
  2673 | D:2      | Killed Terence
  2674 | D:2      | Reached XP level 5. HP: 45/45 MP: 8/8
  2687 | D:2      | Noticed Natasha
  2698 | D:2      | Killed Natasha
  2932 | D:2      | Noticed Sigmund
  2941 | D:2      | Killed Sigmund
  2942 | D:2      | Reached skill level 6 in Axes
  2942 | D:2      | Reached XP level 6. HP: 24/52 MP: 9/9
  3482 | D:3      | Noticed Grinder
  3490 | D:3      | Paralysed by Grinder for 4 turns
  3497 | D:3      | Paralysed by Grinder for 2 turns
  3505 | D:4      | HP: 1/52 [scorpion (5)]
  3505 | D:4      | Slain by a ball python

Illustrated notes

Levels and vault maps discovered:
D:1:      amcnicky_arrival_wind_blow, layout_loops_ring,
          hellmonk_ecumenical_altar_watching_god, minmay_misc_feat_iff
D:2:      layout_loops_cross, uniq_natasha, uniq_robin, uniq_sigmund,
          uniq_terence
D:3:      layout_loops_ring, minivault_26, uniq_grinder, uniq_ijyb, uniq_jessica
D:4:      layout_loops_ring, temple_green, solitary_fountain, uniq_menkaure

Skill      XL: |  1  2  3  4  5 |
---------------+----------------+-----
Axes           | 3 4 5 6 |  6.7
Fighting       | |  2.0
Throwing       | |  0.8
Armour         | |  0.7
Dodging        | |  1.5
Spellcasting   | |  2.0
Translocations | |  3.0

Action                   |  1- 3 |  4- 6 || total
-------------------------+-------+-------++-------
Melee: Hand axe          |    96 |    64 ||   160
       Punch             |     2 |     1 ||     3
       Mace              |       |    13 ||    13
 Cast: Blink             |       |     2 ||     2
 Abil: Spit Poison       |     9 |    17 ||    26
  Use: Scroll            |       |     1 ||     1
Armor: Leather armour    |    39 |    23 ||    62
Dodge: Dodged            |    86 |    42 ||   128

Table legend: (Time is in decaauts)
 A = Elapsed time spent in this place.
 B = Non-inter-level travel time spent in this place.
 C = Inter-level travel time spent in this place.
 D = Time resting spent in this place.
 E = Time spent auto-exploring this place.
 F = Levels seen in this place.
 G = Mean time per level.
                   A        B        C        D        E       F      G
               +--------+--------+--------+--------+--------+-----+--------+
         Total |   4118 |   4034 |     84 |    889 |   2396 |   4 | 1029.5 |
       Dungeon |   4118 |   4034 |     84 |    889 |   2396 |   4 | 1029.5 |
               +--------+--------+--------+--------+--------+-----+--------+

Top non-repeatable levels by time:
     D:1: 2113 daAuts
     D:2: 1885 daAuts
     D:3: 119 daAuts
     D:4: 0 daAuts
